 Dungeon Crawl Stone Soup version 0.22.1-1-ga44c0e5 (webtiles) character file.

970 brandon the Conjurer (level 7, -3/41 HPs)
             Began as a Deep Elf Fire Elementalist on Oct 5, 2018.
             Slain by a worker ant (5 damage)
             ... on level 6 of the Dungeon.
             The game lasted 00:14:04 (5641 turns).

brandon the Conjurer (Deep Elf Fire Elementalist)   Turns: 5641, Time: 00:14:04

Health: -3/41      AC:  2    Str:  7    XL:     7   Next: 94%
Magic:  2/18       EV: 13    Int: 22    God:
Gold:   155        SH:  0    Dex: 15    Spells: 3/18 levels left

rFire    . . .     SeeInvis .   p - +1 morningstar (protect)
rCold    . . .     Gourm    .   (no shield)
rNeg     . . .     Faith    .   a - +0 robe
rPois    .         Spirit   .   (no helmet)
rElec    .         Reflect  .   (no cloak)
rCorr    .         Harm     .   (no gloves)
MR       .....                  (no boots)
Stlth    ++........             (no amulet)
HPRegen  0.13/turn              g - +2 ring of strength
MPRegen  0.16/turn              (no ring)

@: lethally poisoned (-3 -> -13), very slightly contaminated
A: no striking features
a: no special abilities


You were on level 6 of the Dungeon.
You were not hungry.

You visited 1 branch of the dungeon, and saw 6 of its levels.

You collected 155 gold pieces.

Inventory:

Hand Weapons
 p - a +1 morningstar of protection (weapon)
Armour
 a - a +0 robe (worn)
Jewellery
 g - a +2 ring of strength (left hand)
Wands
 n - a wand of paralysis (14)
Scrolls
 e - a scroll of enchant weapon {unknown}
 f - 3 scrolls of remove curse
 j - a scroll of immolation
 k - 2 scrolls of fog
 m - 4 scrolls of random uselessness {unknown}
Potions
 b - a potion of degeneration {unknown}
 h - 4 potions of curing
 i - a potion of might
 l - 2 potions of heal wounds
 o - a potion of ambrosia {unknown}
 q - 2 potions of lignification
Comestibles
 c - 6 rations
 d - 3 chunks of flesh


   Skills:
 + Level 3.1 Fighting
 - Level 2.4 Dodging
 - Level 2.4 Stealth
 + Level 6.0 Spellcasting
 * Level 6.4 Conjurations
 + Level 5.5 Fire Magic


You had 3 spell levels left.
You knew the following spells:

 Your Spells              Type           Power        Failure   Level  Hunger
a - Flame Tongue          Conj/Fire      ####.        1%          1    None
b - Throw Flame           Conj/Fire      ####..       1%          2    None
c - Conjure Flame         Conj/Fire      ####....     2%          3    #......
d - Sticky Flame          Conj/Fire      ####....     8%          4    ###....
e - Fireball              Conj/Fire      ####......   22%         5    #####..

Your spell library contained the following spells:

 Spells                   Type           Power        Failure   Level  Hunger
 Inner Flame              Hex/Fire       ###.....     9%          3    #......


Dungeon Overview and Level Annotations

Branches:
Dungeon (6/15)
 Temple: D:4-7

Altars:
Hepliaklqana
Makhleb
Nemelex Xobeh
Sif Muna
Yredelemnul

Shops:
D:5 [


Message History

As you read the scroll labeled OFILOCVIRE, it crumbles to dust.
The scroll dissolves into smoke.
It was a scroll of fog.
You feel sick. The howler monkey hits you.
* * * LOW HITPOINT WARNING * * *
The worker ant bites you!
* * * LOW HITPOINT WARNING * * *
The howler monkey hoots and howls with incredible vigour!
The phantom blinks!
You hear a croak.
You hear a shout! x6; You hear a loud, deep croak!
You hear a shout! x3; You hear a loud, deep croak!
* * * LOW HITPOINT WARNING * * *
You feel sick. The howler monkey barely misses you.
* * * LOW HITPOINT WARNING * * *
You feel sick.
As you read the scroll labeled ROD NAGOKUBBO, it crumbles to dust.
The creatures around you are filled with an inner flame!
It was a scroll of immolation.
* * * LOW HITPOINT WARNING * * *
You feel sick. The worker ant bites you.
You die...

#....!..#
#.......#
#.......###
#.........#
.###..[....#.##
.#.....§......
#
###..§hW§§#....
#....§a§§....[#
#####@#####.#.#
#.# #.# #.# #.#
#.# #.# #.#


You could see a phantom (inner flame), a howler monkey (inner flame) and a
worker ant (inner flame).

Vanquished Creatures
  Sigmund (D:4)
  A human (D:4)
  Edmund (D:4)
  Duvessa (D:4)
  2 ogres
  Dowan (D:4)
  A centaur skeleton (D:4)
  An orc wizard (D:4)
  2 worker ants (D:4)
  4 gnolls (D:3)
  2 adders
  3 oozes
  2 dart slugs
  A worm (D:3)
  5 leopard geckos
  9 orcs
  3 ball pythons
  5 bats
  4 giant cockroaches
  9 goblins
  6 hobgoblins
  4 kobolds
  2 quokkas
  2 frilled lizards
  8 rats
80 creatures vanquished.

Vanquished Creatures (others)
  An ogre (D:5)
  A worker ant (D:5)
  An adder (D:5)
3 creatures vanquished.

Grand Total: 83 creatures vanquished

Notes
Turn   | Place    | Note
-------+----------+-------------------------------------------
     0 | D:1      | brandon the Deep Elf Fire Elementalist began the quest for
                  | the Orb.
     0 | D:1      | Reached XP level 1. HP: 10/10 MP: 6/6
   514 | D:1      | Reached XP level 2. HP: 11/16 MP: 0/8
   585 | D:1      | Learned a level 2 spell: Throw Flame
  1559 | D:2      | Reached XP level 3. HP: 20/20 MP: 2/9
  1904 | D:2      | Reached skill level 1 in Fighting
  2067 | D:2      | You fall through a shaft for 2 floors!
  2067 | D:4      | Noticed Duvessa
  2067 | D:4      | Noticed Dowan
  2100 | D:3      | Learned a level 3 spell: Conjure Flame
  2371 | D:3      | Reached XP level 4. HP: 25/25 MP: 8/11
  3166 | D:3      | Reached XP level 5. HP: 29/29 MP: 0/13
  3608 | D:3      | Found a deep blue altar of Sif Muna.
  3703 | D:4      | Found a runed door.
  3703 | D:4      | Noticed a human
  3705 | D:4      | Found a basalt altar of Yredelemnul.
  3739 | D:4      | Learned a level 4 spell: Sticky Flame
  3765 | D:4      | Killed a human
  3765 | D:4      | Reached XP level 6. HP: 35/35 MP: 1/14
  3901 | D:4      | Killed Dowan
  4003 | D:4      | Killed Duvessa
  4003 | D:4      | Reached skill level 5 in Spellcasting
  4309 | D:4      | Reached skill level 5 in Conjurations
  4309 | D:4      | Reached XP level 7. HP: 40/40 MP: 9/16
  4627 | D:4      | Noticed Sigmund
  4669 | D:4      | Killed Sigmund
  4669 | D:4      | Reached skill level 5 in Fire Magic
  4759 | D:4      | Noticed Edmund
  4780 | D:4      | Killed Edmund
  5116 | D:4      | Found a sparkling altar of Nemelex Xobeh.
  5239 | D:4      | Found a burning altar of Makhleb.
  5396 | D:5      | Entered Level 5 of the Dungeon
  5396 | D:5      | Found Vuluddeana's Antique Armour Shoppe.
  5435 | D:5      | Learned a level 5 spell: Fireball
  5610 | D:5      | Found a hazy altar of Hepliaklqana.
  5641 | D:6      | HP: 2/41 [poisoned by a worker ant]
  5641 | D:6      | Slain by a worker ant

Skill      XL: |  1  2  3  4  5  6  7 |
---------------+----------------------+-----
Conjurations   | 2 3 4 5 6 |  6.4
Fighting       | 1 2 3 |  3.1
Spellcasting   | 4 5 6 |  6.0
Fire Magic     | 4 5 |  5.5
Dodging        | |  2.4
Stealth        | |  2.4

Action                   |  1- 3 |  4- 6 |  7- 9 || total
-------------------------+-------+-------+-------++-------
Melee: Unarmed           |     1 |       |       ||     1
       Dagger            |     4 |     8 |       ||    12
       Morningstar       |       |       |     8 ||     8
 Cast: Flame Tongue      |    34 |    42 |    39 ||   115
       Throw Flame       |    34 |    26 |    12 ||    72
       Conjure Flame     |     2 |     6 |     5 ||    13
       Sticky Flame      |       |       |     4 ||     4
  Use: Scroll            |       |     4 |     2 ||     6
       Potion            |       |     1 |     1 ||     2
  Eat: Chunk             |     5 |     6 |     3 ||    14
       Ration            |       |       |     1 ||     1
Armor: Robe              |     5 |     1 |     7 ||    13
Dodge: Dodged            |    11 |    12 |    22 ||    45
